 Dungeon Crawl Stone Soup version 0.20-a0-1018-ge435b50 (webtiles) character file.

154 Zoots the Chopper (level 5, 0/46 HPs)
             Began as a Minotaur Chaos Knight on Apr 17, 2017.
             Slain by Grinder (3 damage)
             ... on level 3 of the Dungeon.
             The game lasted 00:06:25 (1823 turns).

Zoots the Chopper (Minotaur Chaos Knight)           Turns: 1823, Time: 00:06:25

Health: 0/46       AC: 10    Str: 17    XL:     5   Next: 13%
Magic:  4/4        EV: 11    Int:  9    God:    Xom [..*...]
Gold:   33         SH:  0    Dex: 10    Spells: 4/4 levels left

rFire    . . .     SeeInvis .   a - +0 hand axe (chaos)
rCold    . . .     Gourm    .   (no shield)
rNeg     . . .     Faith    .   p - +0 ring mail (curse)
rPois    .         Spirit   .   (helmet restricted)
rElec    .         Reflect  .   (no cloak)
rCorr    +         Harm     .   (no gloves)
MR       .....                  (no boots)
Stlth    +.........             (no amulet)
Regen    0.2/turn               e - +5 ring of protection
MPRegen  0.1/turn               o - ring of resist corrosion

@: no status effects
A: retaliatory headbutt, horns 2
a: Renounce Religion


You were on level 3 of the Dungeon.
You worshipped Xom.
You were a toy of Xom.
You were not hungry.

You visited 1 branch of the dungeon, and saw 3 of its levels.

You collected 33 gold pieces.

Inventory:

Hand Weapons
 a - a +0 hand axe of chaos (weapon)
Armour
 b - a +2 leather armour
 p - a cursed +0 ring mail (worn)
Jewellery
 e - a +5 ring of protection (left hand)
 o - a ring of resist corrosion (right hand)
Scrolls
 f - 3 scrolls of teleportation {unknown}
 i - 2 scrolls of remove curse {unknown}
 r - a scroll of fog {unknown}
 s - a scroll of enchant weapon {unknown}
 u - a scroll of blinking {unknown}
 v - 2 scrolls of recharging {unknown}
Potions
 d - a potion of magic {unknown}
 h - 2 potions of heal wounds {unknown}
 j - a potion of lignification {unknown}
 k - 2 potions of mutation {unknown}
 l - 2 potions of might {unknown}
 m - a potion of curing {unknown}
 n - a potion of agility {unknown}
 q - a potion of haste {unknown}
Comestibles
 c - 2 bread rations
 g - 4 chunks of flesh
 t - 2 royal jellies


   Skills:
 + Level 4.2 Fighting
 + Level 5.9 Axes
 + Level 3.2 Armour
 + Level 1.7 Dodging
 + Level 0.8 Stealth


You had 4 spell levels left.
You didn't know any spells.

Dungeon Overview and Level Annotations

Branches:
Dungeon (3/15)

Altars:
Makhleb
Wu Jian

Annotations:
D:3 Grinder


Innate Abilities, Weirdness & Mutations

You reflexively headbutt those who attack you in melee.
You have a pair of horns on your head.


Message History

Grinder is heavily wounded.
Grinder hits you but does no damage.
You barely miss Grinder.
Grinder is heavily wounded.
Grinder hits you.
* * * LOW HITPOINT WARNING * * *
You hit Grinder. You burn Grinder.
Grinder is severely wounded.
Grinder gestures at you. Pain shoots through your body!
* * * LOW HITPOINT WARNING * * *
You closely miss Grinder. You headbutt Grinder.
Grinder is severely wounded.
Grinder gestures at you. You resist with significant effort.
You closely miss Grinder.
Grinder is severely wounded.
Grinder hits you.
You die...
Xom chuckles heartily!

#...# #.#.# .# #.#.#
.####.#.# # ......#.## ..
.........#################...
>...........................
...#.#########...###.....$..
...#.# #.5@†)$...# .....#
######..=#.# .....# #..#._.#
.....# #...#.#...# <....#
#....#.. .# .....# ##....?..
.##### ##.......# .. ........
## ..#


You could see Grinder.

Vanquished Creatures
  Terence (D:2)
  A gnoll (D:1)
  4 adders (D:2)
  An ooze (D:2)
  A worm (D:3)
  4 dart slugs
  2 leopard geckos (D:2)
  2 ball pythons
  3 giant cockroaches
  10 goblins
  6 hobgoblins
  4 jackals (D:3)
  9 bats
  A frilled lizard (D:2)
  11 kobolds
  5 rats
65 creatures vanquished.

Notes
Turn   | Place    | Note
-------+----------+-------------------------------------------
     0 | D:1      | Zoots the Minotaur Chaos Knight began the quest for the Orb.
     0 | D:1      | Reached XP level 1. HP: 19/19 MP: 0/0
    71 | D:1      | Reached skill level 4 in Axes
    92 | D:1      | Reached XP level 2. HP: 27/27 MP: 1/1
   122 | D:1      | XOM: potion effect (agility)
   239 | D:1      | XOM: silly message
   276 | D:1      | XOM: potion effect (haste)
   281 | D:1      | Reached XP level 3. HP: 33/33 MP: 2/2
   519 | D:1      | XOM: divination: detect items
   699 | D:2      | Noticed Terence
   702 | D:2      | XOM: potion effect (haste)
   704 | D:2      | XOM: potion effect (agility)
   715 | D:2      | Killed Terence
   715 | D:2      | Reached skill level 5 in Axes
   715 | D:2      | Reached XP level 4. HP: 34/40 MP: 3/3
   849 | D:2      | XOM: silly message
   901 | D:2      | XOM: potion effect (berserk rage)
  1455 | D:2      | Found a burning altar of Makhleb.
  1463 | D:2      | Reached XP level 5. HP: 37/46 MP: 4/4
  1466 | D:2      | Found an ornate altar of the Wu Jian Council.
  1706 | D:2      | XOM: silly message
  1790 | D:3      | Found a faded altar of an unknown god.
  1798 | D:3      | Noticed Grinder
  1821 | D:3      | HP: 2/46 [Grinder/nerve-wracking pain (7)]
  1823 | D:3      | Slain by Grinder

Vault maps used:
D:1:      wheals_arrival_shading, hex_tiny
D:2:      grunt_temple_overflow_open, minmay_cut_off, uniq_terence
D:3:      zin_scriptorium, chequers_ecumenical_altar_simple_redux, uniq_grinder,
          uniq_crazy_yiuf_cottage

Skill      XL: |  1  2  3  4 |
---------------+-------------+-----
Axes           | 4 5 |  5.9
Fighting       | 4 |  4.2
Armour         | 3 |  3.2
Dodging        | |  1.7
Stealth        | |  0.8

Action                   |  1- 3 |  4- 6 || total
-------------------------+-------+-------++-------
Melee: Hand axe          |    53 |    81 ||   134
       Headbutt          |     8 |    11 ||    19
 Stab: Sleeping          |     2 |       ||     2
       Paralysed         |     1 |       ||     1
  Eat: Chunk             |       |     2 ||     2
       Bread ration      |       |     1 ||     1
Armor: Leather armour    |     8 |       ||     8
       Ring mail         |       |    24 ||    24
Dodge: Dodged            |    34 |    42 ||    76
